 Dungeon Crawl Stone Soup version 0.28.0-49-g6dfe1f597d (webtiles) character file.

Game seed: 10204720153795524907

42 Gabide the Poker (level 3, -9/29 HPs)
             Began as a Mummy Monk on May 13, 2022.
             Killed from afar by Natasha (15 damage)
             ... with a puff of flame
             ... on level 2 of the Dungeon.
             The game lasted 00:02:48 (1791 turns).

Gabide the Poker (Mummy Monk)                       Turns: 1791, Time: 00:02:48

Health: -9/29      AC:  6    Str: 16    XL:     3   Next: 33%
Magic:  3/3        EV: 12    Int:  9    God:
Gold:   41         SH:  0    Dex: 14    Spells: 2/2 levels left

rFire   x . .      SeeInvis .   a - +0 spear
rCold   + . .      Faith    .   (no shield)
rNeg    + + +      Spirit   .   b - +0 robe
rPois   ∞          Reflect  .   (no helmet)
rElec   .          Harm     .   (no cloak)
rCorr   .          Rampage  .   (no gloves)
Will    .....                   (no boots)
Stlth   ++........              (no amulet)
HPRegen 0.09/turn               d - +4 ring of protection
MPRegen 0.08/turn               (no ring)

@: no status effects
A: cold resistance 1, negative energy resistance 3, torment resistance 2, heat
vulnerability 1, no potions
a: no special abilities


You were on level 2 of the Dungeon.
You visited 1 branch of the dungeon, and saw 2 of its levels.

You collected 41 gold pieces.

Inventory:

Hand Weapons
 a - a +0 spear (weapon)
Armour
 b - a +0 robe (worn)
Jewellery
 d - a +4 ring of protection (left hand)
Scrolls
 c - a scroll of teleportation {unknown}


   Skills:
 - Level 3.0 Fighting
 + Level 3.6 Polearms
 - Level 2.4 Dodging
 - Level 1.5 Stealth


You had 2 spell levels left.
You didn't know any spells.
Your spell library contained the following spells:

 Spells                   Type           Power      Damage    Failure   Level
 Summon Hydra             Summ           0%         N/A       100%        7
 Sublimation of Blood     Necr           Unusable   N/A       N/A         2
 Wereblood                Tmut           Unusable   N/A       N/A         2

Dungeon Overview and Level Annotations

Branches:
Dungeon (2/15)

Altars:

Annotations:
D:2 Natasha


Innate Abilities, Weirdness & Mutations

You are immune to poison.
Your flesh is cold resistant. (rC+)
You are immune to negative energy. (rN+++)
You are immune to unholy pain and torment.
You are vulnerable to heat. (rF-)
You do not drink.


Message History

The crimson imp closely misses you.
Reach: a) +0 spear
Press: ? - help, Dir - move target, f/p - Natasha
Aim: Natasha, carrying a wand of flame (22) (moderately wounded, about 44% to evade your +0 spear)
The crimson imp is in the way.
You hit the crimson imp.
The crimson imp is lightly wounded.
The crimson imp barely misses you.
Reach: a) +0 spear
Press: ? - help, Dir - move target, f/p - Natasha
Aim: Natasha, carrying a wand of flame (22) (moderately wounded, about 44% to evade your +0 spear)
The crimson imp is in the way.
You closely miss the crimson imp.
Natasha casts a spell.
The crimson imp hits you.
* * * LOW HITPOINT WARNING * * *
Reach: a) +0 spear
Press: ? - help, Dir - move target, f/p - Natasha
Aim: Natasha, carrying a wand of flame (22) (moderately wounded, about 44% to evade your +0 spear)
You reach to attack!
You hit Natasha.
Natasha is severely wounded.
The crimson imp hits you.
* * * LOW HITPOINT WARNING * * *
Reach: a) +0 spear
Press: ? - help, Dir - move target, f/p - Natasha
Aim: Natasha, carrying a wand of flame (22) (severely wounded, about 44% to evade your +0 spear)
Okay, then.
Unknown command.
Okay, then.
Unknown command.
Unknown command.
The crimson imp laughs crazily.
Natasha mumbles some strange words.
The crimson imp sputters.
The crimson imp blinks!
The crimson imp disappears in a puff of smoke!
The crimson imp blinks!
Natasha zaps a wand.
The puff of flame misses you.
Natasha mumbles some strange words.
Natasha glows brightly for a moment.
Natasha zaps a wand.
The puff of flame hits you! The fire burns you terribly!
Ouch! That really hurt!
You die...

.. #.# ...# ########..#
#.h.......# #
#.#####h..#### #.#
#.##..............$
#.##.#.....##.$....
#.#..@.....##...... #.
#.####....>.)...$..
###.##h#####....##..h...
....#...5......########
#..#######.#.......
#..### #.#.......
#....#####5#.#####..
#....'............ .
#....#######..#.##


You could see Natasha.

Vanquished Creatures
  Natasha (D:2)
  3 ball pythons (D:1)
  4 hobgoblins
  4 kobolds
  A quokka (D:1)
  2 frilled lizards (D:1)
  2 goblins (D:1)
  2 rats
19 creatures vanquished.

Notes
Turn   | Place    | Note
-------+----------+-------------------------------------------
     0 | D:1      | Gabide the Mummy Monk began the quest for the Orb.
     0 | D:1      | Reached XP level 1. HP: 18/18 MP: 1/1
   638 | D:1      | Reached XP level 2. HP: 12/24 MP: 2/2
  1339 | D:2      | Noticed Natasha
  1357 | D:2      | Killed Natasha
  1358 | D:2      | Reached XP level 3. HP: 3/29 MP: 3/3
  1418 | D:2      | Noticed Natasha
  1791 | D:2      | Killed from afar by Natasha

Illustrated notes

Levels and vault maps discovered:
D:1:      minmay_arrival_diagonal_passages, layout_basic, minmay_tiny_reverse_x
D:2:      layout_basic, uniq_natasha

Skill      XL: |  1  2 |
---------------+-------+-----
Polearms       | 3 |  3.6
Fighting       | |  3.0
Dodging        | |  2.4
Stealth        | |  1.5

Action                   || total
-------------------------++-------
Melee: Spear             ||    97
       Punch             ||     3
 Stab: Sleeping          ||     6
Armor: Robe              ||     6
Dodge: Dodged            ||    45
